 Dungeon Crawl Stone Soup version 0.31.0-11-ge490571c62 (webtiles) character file.

Game seed: 13137652926624263296

113 qw the Shooter (level 4, -1/23 HPs)
             Began as a Spriggan Hunter on Feb 3, 2024.
             Slain by an orc
             ... wielding a +0 mace
              (2 damage)
             ... on level 3 of the Dungeon.
             The game lasted 00:00:08 (1774 turns).

qw the Shooter (Spriggan Hunter)                    Turns: 1774, Time: 00:00:08

Health: -1/23      AC:  4    Str:  7    XL:     4   Next: 65%
Magic:  5/5        EV: 20    Int: 10    God:
Gold:   184        SH:  0    Dex: 20    Spells: 3/3 levels left

rFire   . . .        a - +1 shortbow
rCold   . . .        (shield currently unavailable)
rNeg    . . .        c - +0 robe
rPois   .            (helmet restricted)
rElec   .            d - +1 cloak
rCorr   .            (gloves unavailable)
SInv    +            (boots unavailable)
Will    .....        (no amulet)
Stlth   ++           (no ring)
HPRegen 0.23/turn    (no ring)
MPRegen 0.09/turn

%: no passive effects
@: about to teleport, very quick
A: very small, no large weapons, unfitting armour, see invisible, speed 3
a: no special abilities


You were on level 3 of the Dungeon.
You visited 1 branch of the dungeon, and saw 4 of its levels.

You collected 301 gold pieces.
You spent 117 gold pieces at shops.


Innate Abilities, Weirdness & Mutations

You are very small and have problems with some larger weapons.
You are too small for most types of armour.
You have supernaturally acute eyesight. (SInv)
You cover ground extremely quickly. (Speed+++)


   Skills:
 + Level 1.7 Fighting
 - Level 5.0 Ranged Weapons
 - Level 5.0 Dodging
 - Level 1.5 Stealth


You had 3 spell levels left.
You didn't know any spells.
Your spell library was empty.

Inventory:

Hand Weapons
 a - a +1 shortbow (weapon)
Armour
 c - a +0 robe (worn)
 d - a +1 cloak (worn)
Jewellery
 j - a ring of protection from cold
Wands
 f - a wand of flame (14)
Scrolls
 h - a scroll of identify
 i - a scroll of fear {unknown}
Potions
 b - 5 potions of curing
 e - a potion of attraction {unknown}

Dungeon Overview and Level Annotations

Branches:
Dungeon (4/15)
 Temple: D:4-7

Altars:

Shops:
D:1 :   D:2 !   D:3 (

Annotations:
D:3 Natasha


Message History

You shoot an arrow. The arrow hits the goblin.
You kill the goblin!
An orc, an orc priest and an endoplasm come into view.
Found 10 gold pieces.
The endoplasm quivers.
There is an open door here.
You shoot an arrow. The arrow hits the endoplasm!
You kill the endoplasm!
The orc shouts!
The orc priest shouts!
You hear an angry hiss.
An orc comes into view. It is wielding a +0 war axe.
You shoot an arrow. The arrow hits the orc priest.
The orc priest is moderately wounded.
The orc priest looks satisfied for a moment.
You shoot an arrow.
The arrow closely misses the orc priest.
The arrow hits the orc.
The orc is almost dead.
You shoot an arrow.
The arrow hits the orc priest but does no damage.
The orc priest is moderately wounded.
A frilled lizard comes into view.
You shoot an arrow. The arrow barely misses the orc priest.
The frilled lizard hisses angrily.
You shoot an arrow.
The arrow hits the orc priest but does no damage.
The orc priest is moderately wounded.
The orc priest hits you but does no damage.
Natasha, Servant of Life and Death comes into view.
The orc hits you with a +0 mace.
The orc priest invokes the aid of Beogh against you.
Beogh smites you!
Ouch! That really hurt!
1774 ||| READING scroll of teleportation.
As you read the scroll of teleportation, it crumbles to dust.
You feel strangely unstable.
Natasha hisses angrily.
Natasha howls an incantation.
You feel troubled. The orc priest misses you. The orc hits you with a +0 mace.
You die...

#########
....%...######
########.#....##
#........@o....+
#.######.#oo..##
#.# #...#....#
.. ### #.#
#.###l...# ..
... ##.####.#
....# #. ...
#.......## ..).#
#.###...
#.[.....!# h...#
#......[ ###
#........# ..$..
#....... ..
#........#
#....##.


You could see an orc priest, Natasha, 2 orcs and a frilled lizard.

Vanquished Creatures
  Natasha (D:3)
  A gnoll (D:2)
  An adder (D:2)
  A ribbon worm (D:2)
  3 dart slugs (D:1)
  4 ball pythons
  6 endoplasms
  2 giant cockroaches (D:1)
  8 goblins
  7 hobgoblins
  2 jackals (D:2)
  A quokka (D:1)
  8 bats
  2 frilled lizards (D:2)
  4 kobolds
  5 rats
56 creatures vanquished.

Notes
Turn   | Place    | Note
-------+----------+-------------------------------------------
     0 | D:1      | qw the Spriggan Hunter began the quest for the Orb.
     0 | D:1      | Reached XP level 1. HP: 10/10 MP: 2/2
     0 | D:1      | 0 ||| qw: Version: 0.3-a-157-g843a77d
     0 | D:1      | 0 ||| qw: Game counter: 3620
     0 | D:1      | 0 ||| qw: Melee chars always use a shield: true
     0 | D:1      | 0 ||| qw: God list: Okawaru
     0 | D:1      | 0 ||| qw: Allow faded altars: false
     0 | D:1      | 0 ||| qw: Do Orc after clearing Dungeon:15 true
     0 | D:1      | 0 ||| qw: Do second Lair branch before Depths: true
     0 | D:1      | 0 ||| qw: Lair rune preference: random
     0 | D:1      | 0 ||| qw: Goals: Normal
     0 | D:1      | 0 ||| PLANNING D:1-11
    62 | D:1      | Reached skill level 3 in Dodging
    95 | D:1      | Reached XP level 2. HP: 8/14 MP: 3/3
   166 | D:1      | Found Xynk's Book Shoppe.
   555 | D:1      | Reached XP level 3. HP: 17/18 MP: 4/4
   671 | D:1      | 671 ||| UPGRADING to +0 cloak.
   676 | D:1      | 676 ||| DROPPING +6 ring of intelligence.
   677 | D:1      | 677 ||| READING scroll labelled VUDOEZ VEOSIB.
   677 | D:1      | 677 ||| ENCHANTING +0 cloak.
   678 | D:1      | 678 ||| READING scroll labelled MOUNEPR HIZAMO.
   682 | D:1      | 682 ||| DROPPING scroll of butterflies.
   731 | D:2      | Found Kotaas's Distillery.
   734 | D:2      | 734 ||| BUYING 2 potions of curing (78 gold).
   734 | D:2      | Bought 2 potions of curing for 78 gold pieces
   734 | D:2      | 734 ||| BUYING potion of curing (39 gold).
   734 | D:2      | Bought a potion of curing for 39 gold pieces
   734 | D:2      | 734 ||| SHOPLISTING potion of experience (650 gold, have
                  | 7).
   734 | D:2      | 734 ||| SHOPLISTING potion of heal wounds (65 gold, have
                  | 7).
   734 | D:2      | 734 ||| SHOPLISTING potion of might (52 gold, have 7).
  1059 | D:2      | 1059 ||| FLEEEEING.
  1193 | D:2      | 1193 ||| FLEEEEING.
  1261 | D:2      | You fall into a shaft and drop 2 floors!
  1270 | D:4      | 1270 ||| READING 3 scrolls labelled TOREIW SUUQO.
  1270 | D:4      | 1270 ||| IDENTIFYING silvery potion
  1271 | D:4      | 1271 ||| READING 2 scrolls of identify.
  1271 | D:4      | 1271 ||| IDENTIFYING scroll labelled OBBOTO EREYQEA
  1272 | D:4      | 1272 ||| READING scroll of enchant weapon.
  1272 | D:4      | 1272 ||| ENCHANTING +0 shortbow.
  1273 | D:4      | 1273 ||| READING scroll of identify.
  1273 | D:4      | 1273 ||| IDENTIFYING 3 scrolls labelled GEUPLUHOEL
  1274 | D:4      | 1274 ||| DROPPING 3 scrolls of noise.
  1275 | D:4      | 1275 ||| DROPPING potion of degeneration.
  1342 | D:2      | Reached XP level 4. HP: 22/22 MP: 5/5
  1585 | D:2      | 1585 ||| READING scroll labelled JIUSTA XA VYSS.
  1605 | D:3      | Noticed Natasha
  1607 | D:3      | Killed Natasha
  1720 | D:3      | Found Tauhehij's Antique Weapon Emporium.
  1745 | D:3      | 1745 ||| SHOPLISTING glowing arbalest (187 gold, have 166).
  1745 | D:3      | 1745 ||| SHOPLISTING slimy arbalest (237 gold, have 166).
  1773 | D:3      | Noticed Natasha
  1773 | D:3      | HP: 1/23 [orc priest/divine providence (17)]
  1774 | D:3      | 1774 ||| READING scroll of teleportation.
  1774 | D:3      | Slain by an orc

Levels and vault maps discovered:
D:1:      scummos_arrival_gate, layout_loops_cross, serial_shops,
          nicolae_square_shop, minmay_cut_off
D:2:      layout_basic, serial_shops, nicolae_shop_tiny_real_fake_doors,
          cheibrodos_gnoll_hut
D:3:      layout_basic, serial_shops, shop_coins, ebering_ghost_sewer_d,
          uniq_natasha
D:4:      layout_cave_pools, serial_bayou, serial_bayou_ford_a,
          serial_bayou_shore_a, serial_bayou_pond_c, serial_bayou_crossing

Skill      XL: |  1  2  3  4 |
---------------+-------------+-----
Dodging        | 3 4 5 |  5.0
Ranged Weapons | 5 |  5.0
Fighting       | |  1.7
Stealth        | |  1.5

Action                     |  1- 3 |  4- 6 || total
---------------------------+-------+-------++-------
   Fire: Shortbow          |   120 |    29 ||   149
    Use: Scroll            |     6 |     2 ||     8
 Armour: Robe              |    12 |     6 ||    18
  Dodge: Dodged            |    36 |     6 ||    42

Table legend:
 A = Non-vault XP
 B = Vault XP
 C = Vault XP percentage of total XP
 D = Non-vault monster count
 E = Vault monster count
 F = Vault count percentage of total count
                 A         B        C        D         E       F
            +---------+---------+-------+---------+---------+-------
      Total |     102 |      60 |  37.0 |      49 |       7 |  12.5
            +---------+---------+-------+---------+---------+-------
        D:1 |      39 |       7 |  15.2 |      21 |       3 |  12.5
        D:2 |      48 |      18 |  27.3 |      19 |       3 |  13.6
        D:3 |      14 |      35 |  71.4 |       8 |       1 |  11.1
        D:4 |       1 |       0 |   0.0 |       1 |       0 |   0.0
            +---------+---------+-------+---------+---------+-------
